 Dungeon Sprint DCSS version 0.21-a0-104-g7b58145 (webtiles) character file.

6839 Kidiri the Grappler (level 10, -15/104 HPs)
             Began as a Troll Monk on July 5, 2017.
             Was a High Priest of Qazlal.
             Demolished by a dire elephant (24 damage)
             ... in the Dungeon (Sprint IX: "|||||||||||||||||||||||||||||").
             The game lasted 00:06:35 (1305 turns).

Kidiri the Grappler (Troll Monk)                    Turns: 1305, Time: 00:06:36

Health: -15/104    AC: 10    Str: 26    XL:     10   Next: 77%
Magic:  14/14      EV: 18    Int:  6    God:    Qazlal [*****.]
Gold:   0          SH:  7    Dex: 13    Spells: 9/9 levels left

rFire    . . .     SeeInvis .     - Unarmed
rCold    . . .     Gourm    +   (no shield)
rNeg     . . .     Faith    .   a - +0 robe
rPois    .         Spirit   .   (helmet restricted)
rElec    .         Reflect  .   m - +0 cloak
rCorr    .         Harm     .   (gloves unavailable)
MR       .....     NoTele   +   (boots unavailable)
Stlth    +.........             (no amulet)
HPRegen  0.67/turn              n - +3 ring of strength
MPRegen  0.14/turn              o - +2 ring of evasion

@: protected from physical damage, repel missiles
A: unfitting armour, claws 3, fast metabolism 3, gourmand, regeneration 1,
shaggy fur 1, tough skin 2
a: Upheaval, Elemental Force, Disaster Area, Renounce Religion


You were in the Dungeon.
You worshipped Qazlal.
Qazlal was extremely pleased with you.
You were full.

You visited 1 branch

Inventory:

Hand Weapons
 i - a +2 scimitar of freezing
Armour
 a - a +0 robe (worn)
 m - a +0 cloak (worn)
 p - a +0 robe
Jewellery
 n - a +3 ring of strength (left claw)
 o - a +2 ring of evasion (right claw)
Wands
 l - a wand of acid (7/15)
Scrolls
 h - 2 scrolls of blinking
 j - 4 scrolls of remove curse
 k - 2 scrolls of amnesia
 q - a scroll of recharging
 r - 2 scrolls of enchant armour
 s - a scroll of identify
 t - a scroll of fog
Potions
 c - 5 potions of curing
 d - 3 potions of heal wounds
 e - 4 potions of haste
 f - 4 potions of magic
 g - a potion of invisibility
Comestibles
 b - 2 bread rations


   Skills:
 * Level 8.1 Fighting
 + Level 7.4 Armour
 * Level 10.8 Dodging
 * Level 8.2 Stealth
 * Level 12.7 Unarmed Combat
 + Level 7.5 Invocations


You had 9 spell levels left.
You didn't know any spells.

Dungeon Overview and Level Annotations

Branches:
Dungeon (1/1)

Altars:
Cheibriados
Dithmenos
Elyvilon
Fedhas
Gozag
Hepliaklqana
Kikubaaqudgha
Makhleb
Nemelex Xobeh
Okawaru
Qazlal
Ru
Sif Muna
Trog
Uskayaw
Vehumet
Wu Jian
Xom
Yredelemnul
Zin
The Shining One
Beogh
Jiyva
Lugonu


Innate Abilities, Weirdness & Mutations

You are too large for most types of armour.
You have claws for hands.
Your metabolism is lightning-fast.
You like to eat raw meat.
Your natural rate of healing is unusually fast.
You are covered in fur. (AC +1)
You have very tough skin. (AC +2)


Message History

You scratch the dire elephant.
The dire elephant is heavily wounded.
You block the dire elephant's attack. The dire elephant trunk-slaps you.
You scratch the dire elephant.
The dire elephant is severely wounded.
You claw the dire elephant!
You claw the dire elephant, but do no damage.
The dire elephant is severely wounded.
The dire elephant tramples you!!
You feel more protected from physical attacks.
You stumble backwards!
You claw the dire elephant!
The dire elephant is severely wounded.
The dire elephant tramples you!!
* * * LOW HITPOINT WARNING * * *
You stumble backwards!
You claw the dire elephant!
The dire elephant is almost dead.
The dire elephant tramples you!!
You die...

▓_▓.▓.▓
▓_▓.▓.▓
▓'▓.▓.▓
▓.▓.▓:▓
▓.▓.▓(▓
▓.▓.▓)▓
▓Y▓.▓.▓
▓Y▓.▓.▓
▓@▓.▓.▓
▓.▓.▓.▓
▓.▓.▓.▓
▓.▓.▓'▓
▓.▓.▓.▓
▓.▓.▓.▓
▓)▓.▓.▓
▓.▓.▓.▓
▓.▓.▓.▓


You could see a dire elephant and an elephant.

Vanquished Creatures
  2 dire elephants (D)
  A death yak (D)
  2 elephants (D)
  A black mamba (D)
  A gargoyle (D)
  3 spiny frogs (D)
  A rime drake (D)
  A komodo dragon (D)
  A polar bear (D)
  2 hippogriffs (D)
  A hungry ghost (D)
  2 porcupines (D)
  2 water moccasins (D)
  A phantom (D)
  An ogre (D)
  A centaur (D)
  A crocodile (D)
  A big kobold (D)
  4 bullfrogs (D)
  A wight (D)
  A hound (D)
  An iguana (D)
  An ooze (D)
  An adder zombie (D)
  An adder skeleton (D)
  A leopard gecko (D)
  2 orcs (D)
  A goblin (D)
  2 hobgoblins (D)
  A bat (D)
  A leopard gecko skeleton (D)
  A quokka zombie (D)
44 creatures vanquished.

Notes
Turn   | Place    | Note
-------+----------+-------------------------------------------
     0 | D        | Kidiri the Troll Monk began the quest for the Orb.
     0 | D        | Reached XP level 1. HP: 22/22 MP: 0/0
    15 | D        | Reached XP level 2. HP: 27/29 MP: 1/1
    26 | D        | Noticed an ogre
    29 | D        | Reached skill level 1 in Armour
    36 | D        | Killed an ogre
    36 | D        | Reached skill level 5 in Unarmed Combat
    36 | D        | Reached XP level 3. HP: 37/37 MP: 2/2
    36 | D        | Reached XP level 4. HP: 45/45 MP: 3/3
    44 | D        | Found a roughly hewn altar of Beogh.
    44 | D        | Found a snail-covered altar of Cheibriados.
    44 | D        | Found a shadowy altar of Dithmenos.
    44 | D        | Found a white marble altar of Elyvilon.
    44 | D        | Found a blossoming altar of Fedhas.
    44 | D        | Found an opulent altar of Gozag.
    45 | D        | Found a hazy altar of Hepliaklqana.
    46 | D        | Found a viscous altar of Jiyva.
    47 | D        | Found an ancient bone altar of Kikubaaqudgha.
    48 | D        | Found a corrupted altar of Lugonu.
    49 | D        | Found a burning altar of Makhleb.
    52 | D        | Found a sparkling altar of Nemelex Xobeh.
    53 | D        | Found an iron altar of Okawaru.
    54 | D        | Found a stormy altar of Qazlal.
    55 | D        | Found a sacrificial altar of Ru.
    56 | D        | Found a deep blue altar of Sif Muna.
    57 | D        | Found a bloodstained altar of Trog.
    58 | D        | Found a hide-covered altar of Uskayaw.
    59 | D        | Found a radiant altar of Vehumet.
    60 | D        | Found an ornate altar of the Wu Jian Council.
    61 | D        | Found a shimmering altar of Xom.
    62 | D        | Found a basalt altar of Yredelemnul.
    64 | D        | Became a worshipper of Qazlal Stormbringer
    64 | D        | Reached * piety under Qazlal
    64 | D        | Reached ** piety under Qazlal
    66 | D        | Found a glowing silver altar of Zin.
    67 | D        | Found a glowing golden altar of the Shining One.
   189 | D        | Noticed a phantom
   189 | D        | Noticed a hungry ghost
   213 | D        | Reached skill level 1 in Invocations
   213 | D        | Reached XP level 5. HP: 32/53 MP: 4/4
   228 | D        | Killed a hungry ghost
   228 | D        | Reached *** piety under Qazlal
   228 | D        | Reached skill level 5 in Dodging
   228 | D        | Reached skill level 6 in Unarmed Combat
   228 | D        | Reached XP level 6. HP: 54/62 MP: 4/6
   237 | D        | Reached skill level 7 in Unarmed Combat
   354 | D        | Noticed a gargoyle
   360 | D        | Reached **** piety under Qazlal
   364 | D        | Reached skill level 8 in Unarmed Combat
   364 | D        | Reached XP level 7. HP: 63/71 MP: 3/8
   374 | D        | Killed a gargoyle
   374 | D        | Reached skill level 5 in Fighting
   374 | D        | Reached skill level 5 in Stealth
   380 | D        | Reached skill level 9 in Unarmed Combat
   529 | D        | Noticed a hippogriff
   529 | D        | Noticed a hippogriff
   529 | D        | Noticed a komodo dragon
   529 | D        | Noticed a spiny frog
   529 | D        | Noticed a spiny frog
   534 | D        | Reached ***** piety under Qazlal
   534 | D        | Reached XP level 8. HP: 81/81 MP: 10/10
   538 | D        | Killed a spiny frog
   538 | D        | Reached skill level 5 in Armour
   543 | D        | Noticed a black mamba
   549 | D        | Killed a spiny frog
   549 | D        | Reached skill level 5 in Invocations
   551 | D        | Killed a komodo dragon
   551 | D        | Reached skill level 10 in Unarmed Combat
   557 | D        | Killed a hippogriff
   557 | D        | Reached XP level 9. HP: 22/89 MP: 10/12
   578 | D        | Killed a black mamba
   656 | D        | Noticed a rime drake
   658 | D        | Noticed a polar bear
   663 | D        | Reached skill level 11 in Unarmed Combat
   664 | D        | Noticed a death yak
   665 | D        | Reached ****** piety under Qazlal
   668 | D        | Noticed a spiny frog
   672 | D        | Killed a rime drake
   690 | D        | Killed a death yak
   690 | D        | Reached XP level 10. HP: 31/102 MP: 13/13
   806 | D        | Reached skill level 10 in Dodging
   810 | D        | Killed a spiny frog
   851 | D        | Noticed an elephant
   851 | D        | Noticed a dire elephant
   851 | D        | Noticed an elephant
   851 | D        | Noticed an elephant
   851 | D        | Noticed an elephant
   851 | D        | Noticed a dire elephant
   859 | D        | Noticed a dire elephant
   861 | D        | Killed a dire elephant
   861 | D        | Reached skill level 12 in Unarmed Combat
   863 | D        | Killed an elephant
   870 | D        | Killed an elephant
  1114 | D        | Killed a dire elephant
  1132 | D        | HP: 4/104 [dire elephant (26)]
  1305 | D        | Demolished by a dire elephant

Vault maps used:
D:        linesprint

Skill      XL: |  1  2  3  4  5  6  7  8  9 10 |
---------------+-------------------------------+-----
Dodging        | 3 4 5 6 7 8 9 10 | 10.8
Armour         | 2 3 4 5 6 7 |  7.4
Fighting       | 3 4 5 6 7 8 |  8.1
Stealth        | 2 3 4 5 6 7 8 |  8.2
Unarmed Combat | 5 6 8 9 10 11 12 | 12.7
Invocations    | 1 2 3 4 5 6 7 |  7.5

Action                   |  1- 3 |  4- 6 |  7- 9 | 10-12 || total
-------------------------+-------+-------+-------+-------++-------
Melee: Unarmed           |    19 |    57 |    90 |    70 ||   236
       Punch             |       |       |     8 |    10 ||    18
Invok: Upheaval          |       |     1 |       |       ||     1
       Disaster Area     |       |       |       |     3 ||     3
  Use: Potion            |     1 |     2 |     3 |     1 ||     7
  Eat: Chunk             |       |     8 |    12 |     2 ||    22
Armor: Robe              |     7 |    17 |     6 |    12 ||    42
Dodge: Dodged            |     2 |    26 |    47 |    29 ||   104
       Deflected         |       |       |     1 |       ||     1
Block: Other             |       |     7 |    24 |    12 ||    43
